Sharks vs Capitals

Created - January 12, 2017 at 18:03

Goals
1 2 3 T
Sharks 0 1 1 2
Capitals 0 0 1 1
Shots
1 2 3 T
Sharks 10 4 8 22
Capitals 7 18 17 42

1st period

No Goal

Penalties :
Nick Bjugstad (SJS) for Hooking (Minor) at 0:45, Viktor Stalberg (WSH) for Hooking (Minor) at 0:48, Calvin de Haan (WSH) for Boarding (Minor) at 16:13

2nd period

1. Sharks , Sam Reinhart 16 (Charlie Coyle) at 13:37

Penalties :
Darren Dietz (SJS) for Roughing (Minor) at 5:32, Brenden Dillon (SJS) for Hooking (Minor) at 15:53, Darren Dietz (SJS) for High sticking (Double Minor) at 18:59

3rd period

2. Capitals , Matt Stajan 6 (Andrew Desjardins, David Desharnais) at 3:04
3. Sharks , Michael Chaput 1 (Seth Jones) at 11:22

Penalties :
Brenden Dillon (SJS) for Hooking (Minor) at 13:45

Goalie Stats

Ryan Miller (SJS), 41 saves from 42 shots - (0.976), W, 8-16-3, 60:00 minutes
Cam Ward (WSH), 20 saves from 22 shots - (0.909), L, 18-8-4, 59:00 minutes

Players Stats for Sharks

Player Name              G  A  P  +/- PIM S  H  SB GA TA FO     MP     PP MP  PK MP  
------------------------------------------------------------------------------------
Andrej Sustr             0  0  0   0  0   2  1  5  0  0  0/0    20:05   0:44   4:39 
Andrew Shaw              0  0  0   0  0   1  1  0  0  0  2/3    24:38   0:41   2:54 
Brenden Dillon           0  0  0   1  4   0  4  1  0  0  0/0    19:02   1:18   3:21 
Brooks Laich             0  0  0   0  0   2  0  1  0  0  5/20   18:50   1:18   0:30 
Charlie Coyle            0  1  1   1  0   2  1  0  0  0  0/0    15:54   1:21   0:00 
Darren Dietz             0  0  0   0  6   0  3  1  0  0  0/0    17:01   0:00   0:38 
Dave Bolland             0  0  0   0  0   2  1  0  0  0  3/6    11:49   0:41   6:38 
Justin Falk              0  0  0   0  0   0  0  0  0  0  0/0     3:10   0:00   2:32 
Marc Staal               0  0  0   1  0   0  1  3  0  0  0/0    23:48   1:18   6:16 
Martin Havlat            0  0  0   0  0   1  0  0  0  0  1/2    11:33   0:00   0:00 
Mattias Janmark          0  0  0   0  0   1  0  0  0  0  0/0    11:33   0:00   0:00 
Michael Chaput           1  0  1   1  0   1  2  0  0  0  1/2    15:07   0:03   0:27 
Nick Bjugstad            0  0  0   0  2   3  1  0  0  0  12/27  19:28   1:21   6:35 
Nikolay Kulemin          0  0  0   0  0   2  0  0  0  0  1/1     3:45   0:00   0:00 
Robert Bortuzzo          0  0  0   0  0   0  3  1  0  0  0/0    18:57   0:00   2:32 
Ryan Nugent-Hopkins      0  0  0   0  0   0  0  0  0  0  2/3    20:54   0:41   2:54 
Sam Reinhart             1  0  1   1  0   5  0  0  0  0  10/21  14:33   0:00   0:00 
Seth Jones               0  1  1   0  0   0  2  0  0  0  0/0    17:53   0:44   0:00 

Players Stats for Capitals

Player Name              G  A  P  +/- PIM S  H  SB GA TA FO     MP     PP MP  PK MP  
------------------------------------------------------------------------------------
Alexander Ovechkin       0  0  0  -1  0   7  3  0  0  0  0/1    18:23   4:22   0:00 
Andrew Desjardins        0  1  1   0  0   4  1  0  0  0  0/0    12:50   0:00   0:12 
Ben Chiarot              0  0  0   1  0   1  1  1  0  0  0/0    16:37   0:12   0:45 
Calvin de Haan           0  0  0  -2  2   0  1  0  0  0  0/0    17:12   4:17   0:03 
Cody Eakin               0  0  0   0  0   2  0  0  0  0  7/9     7:54   0:12   1:14 
David Desharnais         0  1  1   0  0   6  0  1  0  0  10/17  21:37   5:37   0:36 
Derek Dorsett            0  0  0   0  0   0  2  0  0  0  4/8    11:26   4:22   0:36 
Dmitri Orlov             0  0  0  -1  0   0  1  1  0  0  0/0    22:24   5:30   0:41 
Jiri Tlusty              0  0  0   0  0   3  1  0  0  0  0/0    12:38   0:00   0:00 
Mathieu Perreault        0  0  0  -1  0   2  1  0  0  0  1/1    18:23   4:22   0:00 
Matt Stajan              1  0  1   0  0   1  2  0  0  0  9/17   12:38   0:00   0:00 
Mike Blunden             0  0  0   0  0   0  0  0  0  0  0/0     0:00   0:00   0:00 
Morgan Rielly            0  0  0   0  0   2  2  0  0  0  0/0    22:19   4:17   1:18 
Ryan Kesler              0  0  0  -1  0   2  0  0  0  0  11/22  19:57   0:00   0:00 
Ryan McDonagh            0  0  0   0  0   5  1  1  0  0  0/0    25:57   5:42   1:17 
Ryan Murphy              0  0  0   0  0   0  2  0  0  0  0/0    15:30   0:00   0:00 
Taylor Hall              0  0  0   0  0   4  0  0  0  0  5/9    21:13   5:37   1:26 
Viktor Stalberg          0  0  0   0  2   3  2  0  0  0  1/1    19:02   5:24   0:00 

3 Stars

1 - Ryan Miller (SJS)
2 - Michael Chaput (SJS)
3 - Sam Reinhart (SJS)

Power Play

Sharks - 0 on 2 Attempt(s) - 0.00%
Capitals - 0 on 6 Attempt(s) - 0.00%

Penalty Kill

Sharks - 6 on 6 Attempt(s) - 100.00% - Score 0 goal in Penalty Kill
Capitals - 2 on 2 Attempt(s) - 100.00% - Score 0 goal in Penalty Kill

Team Stat

Sharks - Hits : 20 - Faceoff Wins : 37 - Blocked Shots : 12 - Penalty Minutes : 12
Capitals - Hits : 20 - Faceoff Wins : 48 - Blocked Shots : 4 - Penalty Minutes : 4

Official

Referees : Tom Kowal and Marc Joannette
Linesman : Michel Cormier and Derek Nansen

Game Notes

No Game Note

Finance

Level 1 -- Attendance: 2510 (38.62%) -- Ticket Income $627,500
Level 2 -- Attendance: 1733 (34.66%) -- Ticket Income $346,600
Level 3 -- Attendance: 997 (28.49%) -- Ticket Income $174,475
Level 4 -- Attendance: 595 (23.74%) -- Ticket Income $89,250
Luxury Box -- Attendance: 462 (46.20%) -- Ticket Income $184,800
Game was played at the Verizon Center.
Total Attendance: 6297 (34.03%)
Total Ticket Income: $1,422,625
Other Income: $213,394
Total Income: $1,636,019

% Time on Ice - Sharks

Lines # - Real PCT - Wanted PCT - Time Play
Normal Forward
1 - 34% - 40% - 15:40
2 - 32% - 30% - 14:33
3 - 25% - 20% - 11:33
4 - 8% - 10% - 3:45
Normal Defense
1 - 28% - 40% - 12:46
2 - 31% - 30% - 13:53
3 - 36% - 20% - 16:25
4 - 5% - 10% - 2:27
PP Forward
1 - 66% - 60% - 1:21
2 - 34% - 40% - 0:41
PP Defense
1 - 64% - 60% - 1:18
2 - 36% - 40% - 0:44
PK Forward
1 - 71% - 60% - 7:05
2 - 29% - 40% - 2:54
PK Defense
1 - 75% - 60% - 7:27
2 - 25% - 40% - 2:32
PK3 Forward
1 - 0% - 60%
2 - 0% - 40%
PK3 Defense
1 - 0% - 60%
2 - 0% - 40%
44 Forward
1 - 61% - 60% - 1:11
2 - 39% - 40% - 0:45
44 Defense
1 - 58% - 60% - 1:07
2 - 42% - 40% - 0:49
Last Minute Offensive  - 0:00
Last Minute Defensive  - 0:32
Total
Forward - 60:00
Defense - 60:00

% Time on Ice - Capitals

Lines # - Real PCT - Wanted PCT - Time Play
Normal Forward
1 - 31% - 33% - 14:01
2 - 30% - 30% - 13:38
3 - 28% - 22% - 12:38
4 - 11% - 15% - 5:14
Normal Defense
1 - 33% - 33% - 15:08
2 - 34% - 26% - 15:30
3 - 27% - 26% - 12:11
4 - 6% - 15% - 2:42
PP Forward
1 - 56% - 60% - 5:37
2 - 44% - 40% - 4:22
PP Defense
1 - 57% - 60% - 5:42
2 - 43% - 40% - 4:17
PK Forward
1 - 70% - 60% - 1:26
2 - 30% - 40% - 0:36
PK Defense
1 - 36% - 60% - 0:44
2 - 64% - 40% - 1:18
PK3 Forward
1 - 0% - 60%
2 - 0% - 40%
PK3 Defense
1 - 0% - 60%
2 - 0% - 40%
44 Forward
1 - 36% - 60% - 0:42
2 - 64% - 40% - 1:14
44 Defense
1 - 36% - 60% - 0:42
2 - 64% - 40% - 1:14
Last Minute Offensive  - 0:32
Last Minute Defensive  - 0:00
Total
Forward - 60:00
Defense - 60:00

Play by Play

1st period


0:01 of 1st period - Ryan Kesler wins face-off versus Brooks Laich in neutral zone.
0:22 of 1st period - Shot by Andrew Shaw.
0:22 of 1st period - Shot Blocked by Ryan McDonagh.
0:24 of 1st period - Shot by Andrew Shaw.
0:24 of 1st period - Deflect By Brooks Laich.
0:24 of 1st period - Stopped by Cam Ward without a rebound.
0:25 of 1st period - Sam Reinhart wins face-off versus David Desharnais in Capitals zone.
0:33 of 1st period - Sam Reinhart is hit by Morgan Rielly and loses puck.
0:42 of 1st period - Shot by Charlie Coyle.
0:42 of 1st period - Stopped by Cam Ward with a rebound.
0:44 of 1st period - Shot by Andrej Sustr.
0:44 of 1st period - Stopped by Cam Ward without a rebound.
0:45 of 1st period - Matt Stajan wins face-off versus Nick Bjugstad in Capitals zone.
0:45 of 1st period - Minor Penalty to Nick Bjugstad for Hooking.
0:46 of 1st period - Taylor Hall wins face-off versus Brooks Laich in Sharks zone.
0:48 of 1st period - Minor Penalty to Viktor Stalberg for Hooking.
0:49 of 1st period - Andrew Shaw wins face-off versus Derek Dorsett in Capitals zone.
1:05 of 1st period - Off-side.
1:06 of 1st period - Cody Eakin wins face-off versus Dave Bolland in neutral zone.
2:48 of 1st period - Shot by Andrew Desjardins.
2:48 of 1st period - Stopped by Ryan Miller without a rebound.
2:49 of 1st period - Matt Stajan wins face-off versus Nick Bjugstad in Sharks zone.
2:55 of 1st period - Shot by Jiri Tlusty.
2:55 of 1st period - Shot Misses the Net.
4:05 of 1st period - Shot by Alexander Ovechkin.
4:05 of 1st period - Deflect By Ryan Kesler.
4:05 of 1st period - Shot Misses the Net.
4:12 of 1st period - Icing by Robert Bortuzzo.
4:13 of 1st period - Nick Bjugstad wins face-off versus David Desharnais in Sharks zone.
4:13 of 1st period - Nick Bjugstad is hit by Viktor Stalberg.
5:28 of 1st period - Icing by Ryan McDonagh.
5:29 of 1st period - Cody Eakin wins face-off versus Sam Reinhart in Capitals zone.
5:34 of 1st period - Shot by Ryan Kesler.
5:34 of 1st period - Shot Blocked by Andrej Sustr.
5:45 of 1st period - Off-side.
5:46 of 1st period - Brooks Laich wins face-off versus Matt Stajan in neutral zone.
5:46 of 1st period - Brooks Laich is hit by Matt Stajan.
5:53 of 1st period - Marc Staal is hit by Ryan Murphy and loses puck.
6:03 of 1st period - Off-side.
6:04 of 1st period - David Desharnais wins face-off versus Sam Reinhart in neutral zone.
6:31 of 1st period - Off-side.
6:32 of 1st period - Brooks Laich wins face-off versus Ryan Kesler in neutral zone.
6:45 of 1st period - Icing by Ryan Kesler.
6:46 of 1st period - Dave Bolland wins face-off versus Ryan Kesler in Capitals zone.
7:04 of 1st period - Shot by Andrew Shaw.
7:04 of 1st period - Shot Hit the Post.
7:26 of 1st period - Ryan Kesler is hit by Andrew Shaw and loses puck.
7:34 of 1st period - Icing by Morgan Rielly.
7:35 of 1st period - Ryan Kesler wins face-off versus Sam Reinhart in Capitals zone.
7:46 of 1st period - Shot by Charlie Coyle.
7:46 of 1st period - Stopped by Cam Ward without a rebound.
7:47 of 1st period - David Desharnais wins face-off versus Sam Reinhart in Capitals zone.
7:47 of 1st period - David Desharnais is hit by Michael Chaput.
7:59 of 1st period - Off-side.
8:00 of 1st period - Martin Havlat wins face-off versus Matt Stajan in neutral zone.
8:31 of 1st period - Shot by Andrew Desjardins.
8:31 of 1st period - Shot Misses the Net.
9:09 of 1st period - Shot by Taylor Hall.
9:09 of 1st period - Stopped by Ryan Miller without a rebound.
9:10 of 1st period - Ryan Kesler wins face-off versus Brooks Laich in Sharks zone.
9:11 of 1st period - Shot by Alexander Ovechkin.
9:11 of 1st period - Shot Blocked by Marc Staal.
9:13 of 1st period - Shot by Ryan Kesler.
9:13 of 1st period - Shot Blocked by Brenden Dillon.
9:15 of 1st period - Shot by Ryan Kesler.
9:15 of 1st period - Shot Misses the Net.
9:24 of 1st period - Shot by Ryan Kesler.
9:24 of 1st period - Stopped by Ryan Miller without a rebound.
9:25 of 1st period - Sam Reinhart wins face-off versus David Desharnais in Sharks zone.
9:34 of 1st period - Shot by Charlie Coyle.
9:34 of 1st period - Shot Blocked by David Desharnais.
9:36 of 1st period - Shot by Charlie Coyle.
9:36 of 1st period - Shot Misses the Net.
9:38 of 1st period - Shot by Andrej Sustr.
9:38 of 1st period - Shot Blocked by Dmitri Orlov.
9:46 of 1st period - Shot by Sam Reinhart.
9:46 of 1st period - Shot Misses the Net.
9:48 of 1st period - Shot by Sam Reinhart.
9:48 of 1st period - Deflect By Charlie Coyle.
9:48 of 1st period - Shot Misses the Net.
9:50 of 1st period - Shot by Charlie Coyle.
9:50 of 1st period - Deflect By Sam Reinhart.
9:50 of 1st period - Stopped by Cam Ward without a rebound.
9:51 of 1st period - Ryan Kesler wins face-off versus Brooks Laich in Capitals zone.
10:14 of 1st period - Ryan Nugent-Hopkins is hit by Alexander Ovechkin and loses puck.
10:28 of 1st period - Icing by Marc Staal.
10:29 of 1st period - David Desharnais wins face-off versus Brooks Laich in Sharks zone.
10:57 of 1st period - Sam Reinhart is hit by Dmitri Orlov and loses puck.
11:06 of 1st period - Michael Chaput is hit by Viktor Stalberg and loses puck.
11:20 of 1st period - Sam Reinhart is hit by Ryan Murphy and loses puck.
11:28 of 1st period - Morgan Rielly is hit by Seth Jones and loses puck.
12:42 of 1st period - Icing by Darren Dietz.
12:43 of 1st period - Ryan Kesler wins face-off versus Martin Havlat in Sharks zone.
13:02 of 1st period - Shot by Ryan Kesler.
13:02 of 1st period - Stopped by Ryan Miller with a rebound.
13:23 of 1st period - Icing by Mattias Janmark.
13:24 of 1st period - David Desharnais wins face-off versus Nick Bjugstad in Sharks zone.
14:54 of 1st period - Shot by Charlie Coyle.
14:54 of 1st period - Deflect By Sam Reinhart.
14:54 of 1st period - Stopped by Cam Ward without a rebound.
14:55 of 1st period - Matt Stajan wins face-off versus Dave Bolland in Capitals zone.
15:04 of 1st period - Icing by Andrej Sustr.
15:05 of 1st period - David Desharnais wins face-off versus Andrew Shaw in Sharks zone.
15:32 of 1st period - Shot by Viktor Stalberg.
15:32 of 1st period - Stopped by Ryan Miller without a rebound.
15:33 of 1st period - Sam Reinhart wins face-off versus Matt Stajan in Sharks zone.
15:58 of 1st period - Shot by Andrew Desjardins.
15:58 of 1st period - Stopped by Ryan Miller without a rebound.
15:59 of 1st period - Nick Bjugstad wins face-off versus Alexander Ovechkin in Sharks zone.
16:05 of 1st period - Darren Dietz is hit by Calvin de Haan and loses puck.
16:12 of 1st period - Shot by Nick Bjugstad.
16:12 of 1st period - Stopped by Cam Ward with a rebound.
16:13 of 1st period - Minor Penalty to Calvin de Haan for Boarding.
16:14 of 1st period - Cody Eakin wins face-off versus Nick Bjugstad in Capitals zone.
17:36 of 1st period - Shot by Dave Bolland.
17:36 of 1st period - Stopped by Cam Ward with a rebound.
17:38 of 1st period - Shot by Andrew Shaw.
17:38 of 1st period - Stopped by Cam Ward without a rebound.
17:39 of 1st period - Cody Eakin wins face-off versus Nick Bjugstad in Capitals zone.
17:58 of 1st period - Taylor Hall is hit by Charlie Coyle and loses puck.
18:27 of 1st period - Shot by Dave Bolland.
18:27 of 1st period - Stopped by Cam Ward without a rebound.
18:28 of 1st period - Matt Stajan wins face-off versus Michael Chaput in Capitals zone.
18:42 of 1st period - Icing by Andrej Sustr.
18:43 of 1st period - Ryan Kesler wins face-off versus Sam Reinhart in Sharks zone.
18:43 of 1st period - Ryan Kesler is hit by Andrej Sustr.
18:53 of 1st period - Shot by Alexander Ovechkin.
18:53 of 1st period - Stopped by Ryan Miller without a rebound.
18:54 of 1st period - Dave Bolland wins face-off versus Cody Eakin in Sharks zone.
18:54 of 1st period - Dave Bolland is hit by Derek Dorsett.
19:05 of 1st period - Darren Dietz is hit by Morgan Rielly and loses puck.
19:59 of 1st period - Taylor Hall is hit by Darren Dietz and loses puck.
Goals for this period are 0 for Sharks vs 0 for Capitals.
Shots for this period are 10 for Sharks vs 7 for Capitals.

2nd period


0:01 of 2nd period - Ryan Kesler wins face-off versus Brooks Laich in neutral zone.
0:05 of 2nd period - Ryan McDonagh is hit by Brenden Dillon and loses puck.
0:41 of 2nd period - Shot by Brooks Laich.
0:41 of 2nd period - Stopped by Cam Ward without a rebound.
0:42 of 2nd period - Sam Reinhart wins face-off versus David Desharnais in Capitals zone.
0:47 of 2nd period - Shot by Michael Chaput.
0:47 of 2nd period - Shot Misses the Net.
0:53 of 2nd period - Shot by Morgan Rielly.
0:53 of 2nd period - Stopped by Ryan Miller with a rebound.
1:01 of 2nd period - Shot by David Desharnais.
1:01 of 2nd period - Shot Misses the Net.
1:19 of 2nd period - Shot by Viktor Stalberg.
1:19 of 2nd period - Deflect By David Desharnais.
1:19 of 2nd period - Stopped by Ryan Miller without a rebound.
1:20 of 2nd period - Nick Bjugstad wins face-off versus Matt Stajan in Sharks zone.
3:27 of 2nd period - David Desharnais is hit by Seth Jones.
3:37 of 2nd period - Icing by Ryan Murphy.
3:38 of 2nd period - Dave Bolland wins face-off versus David Desharnais in Capitals zone.
3:39 of 2nd period - Shot by Nikolay Kulemin.
3:39 of 2nd period - Stopped by Cam Ward without a rebound.
3:40 of 2nd period - Nick Bjugstad wins face-off versus Matt Stajan in Capitals zone.
4:44 of 2nd period - Shot by Ryan Kesler.
4:44 of 2nd period - Shot Blocked by Darren Dietz.
4:46 of 2nd period - Shot by Alexander Ovechkin.
4:46 of 2nd period - Shot Misses the Net.
4:52 of 2nd period - Shot by Ryan Kesler.
4:52 of 2nd period - Shot Misses the Net.
5:14 of 2nd period - Icing by Darren Dietz.
5:15 of 2nd period - Viktor Stalberg wins face-off versus Brooks Laich in Sharks zone.
5:15 of 2nd period - Taylor Hall is hit by Robert Bortuzzo.
5:32 of 2nd period - Minor Penalty to Darren Dietz for Roughing.
5:33 of 2nd period - Taylor Hall wins face-off versus Nick Bjugstad in Sharks zone.
5:52 of 2nd period - Shot by Ryan McDonagh.
5:52 of 2nd period - Shot Misses the Net.
5:54 of 2nd period - Shot by David Desharnais.
5:54 of 2nd period - Stopped by Ryan Miller without a rebound.
5:55 of 2nd period - Nick Bjugstad wins face-off versus Derek Dorsett in Sharks zone.
7:04 of 2nd period - Shot by Ryan McDonagh.
7:04 of 2nd period - Stopped by Ryan Miller without a rebound.
7:05 of 2nd period - Taylor Hall wins face-off versus Brooks Laich in Sharks zone.
7:08 of 2nd period - Shot by David Desharnais.
7:08 of 2nd period - Shot Blocked by Robert Bortuzzo.
7:10 of 2nd period - Shot by David Desharnais.
7:10 of 2nd period - Stopped by Ryan Miller without a rebound.
7:11 of 2nd period - Nick Bjugstad wins face-off versus Taylor Hall in Sharks zone.
7:40 of 2nd period - Shot by Andrew Desjardins.
7:40 of 2nd period - Stopped by Ryan Miller without a rebound.
7:41 of 2nd period - Ryan Kesler wins face-off versus Sam Reinhart in Sharks zone.
10:33 of 2nd period - Jiri Tlusty is hit by Brenden Dillon and loses puck.
10:59 of 2nd period - Jiri Tlusty is hit by Brenden Dillon and loses puck.
11:18 of 2nd period - Shot by Cody Eakin.
11:18 of 2nd period - Stopped by Ryan Miller without a rebound.
11:19 of 2nd period - Ryan Nugent-Hopkins wins face-off versus Ryan Kesler in Sharks zone.
11:44 of 2nd period - Ryan Kesler is hit by Darren Dietz and loses puck.
12:03 of 2nd period - Andrew Shaw is hit by Jiri Tlusty.
12:23 of 2nd period - Brooks Laich is hit by Matt Stajan.
12:53 of 2nd period - Shot by Taylor Hall.
12:53 of 2nd period - Stopped by Ryan Miller without a rebound.
12:54 of 2nd period - Cody Eakin wins face-off versus Nick Bjugstad in Sharks zone.
13:13 of 2nd period - Shot by Nick Bjugstad.
13:13 of 2nd period - Stopped by Cam Ward without a rebound.
13:14 of 2nd period - David Desharnais wins face-off versus Sam Reinhart in Capitals zone.
13:23 of 2nd period - Shot by David Desharnais.
13:23 of 2nd period - Stopped by Ryan Miller without a rebound.
13:24 of 2nd period - Sam Reinhart wins face-off versus Matt Stajan in Sharks zone.
13:37 of 2nd period - Shot by Sam Reinhart.
13:37 of 2nd period - Goal by Sam Reinhart - Sharks : 1 - Capitals : 0.
13:38 of 2nd period - Mathieu Perreault wins face-off versus Nick Bjugstad in neutral zone.
13:38 of 2nd period - Ryan Kesler is hit by Nick Bjugstad and loses puck.
14:09 of 2nd period - Icing by Morgan Rielly.
14:10 of 2nd period - Ryan Kesler wins face-off versus Sam Reinhart in Capitals zone.
14:16 of 2nd period - Icing by Alexander Ovechkin.
14:17 of 2nd period - Sam Reinhart wins face-off versus Ryan Kesler in Capitals zone.
14:32 of 2nd period - Shot by Alexander Ovechkin.
14:32 of 2nd period - Stopped by Ryan Miller without a rebound.
14:33 of 2nd period - David Desharnais wins face-off versus Brooks Laich in Sharks zone.
14:44 of 2nd period - Shot by Taylor Hall.
14:44 of 2nd period - Shot Misses the Net.
14:46 of 2nd period - Shot by Ryan McDonagh.
14:46 of 2nd period - Stopped by Ryan Miller with a rebound.
15:35 of 2nd period - Icing by Andrej Sustr.
15:36 of 2nd period - Matt Stajan wins face-off versus Brooks Laich in Sharks zone.
15:37 of 2nd period - Shot by Andrew Desjardins.
15:37 of 2nd period - Stopped by Ryan Miller without a rebound.
15:38 of 2nd period - Sam Reinhart wins face-off versus Ryan Kesler in Sharks zone.
15:44 of 2nd period - Shot by Alexander Ovechkin.
15:44 of 2nd period - Stopped by Ryan Miller with a rebound.
15:52 of 2nd period - Shot by Alexander Ovechkin.
15:52 of 2nd period - Stopped by Ryan Miller without a rebound.
15:53 of 2nd period - Matt Stajan wins face-off versus Nick Bjugstad in Sharks zone.
15:53 of 2nd period - Minor Penalty to Brenden Dillon for Hooking.
15:54 of 2nd period - Nick Bjugstad wins face-off versus Taylor Hall in Sharks zone.
16:23 of 2nd period - Shot by David Desharnais.
16:23 of 2nd period - Stopped by Ryan Miller without a rebound.
16:24 of 2nd period - Nick Bjugstad wins face-off versus Derek Dorsett in Sharks zone.
16:24 of 2nd period - Nick Bjugstad is hit by Mathieu Perreault.
16:30 of 2nd period - Mathieu Perreault is hit by Dave Bolland.
16:39 of 2nd period - Alexander Ovechkin is hit by Marc Staal and loses puck.
17:40 of 2nd period - Shot by Ryan McDonagh.
17:40 of 2nd period - Shot Blocked by Marc Staal.
17:44 of 2nd period - Shot by Ryan McDonagh.
17:44 of 2nd period - Stopped by Ryan Miller with a rebound.
18:27 of 2nd period - Shot by Jiri Tlusty.
18:27 of 2nd period - Shot Blocked by Brooks Laich.
18:29 of 2nd period - Shot by Jiri Tlusty.
18:29 of 2nd period - Stopped by Ryan Miller without a rebound.
18:30 of 2nd period - Sam Reinhart wins face-off versus Ryan Kesler in Sharks zone.
18:58 of 2nd period - Ryan Kesler is hit by Darren Dietz.
18:59 of 2nd period - Double Minor Penalty to Darren Dietz for High sticking.
19:00 of 2nd period - Ryan Nugent-Hopkins wins face-off versus Taylor Hall in Sharks zone.
19:23 of 2nd period - Shot by Viktor Stalberg.
19:23 of 2nd period - Shot Misses the Net.
19:36 of 2nd period - Shot by Viktor Stalberg.
19:36 of 2nd period - Stopped by Ryan Miller without a rebound.
19:37 of 2nd period - Derek Dorsett wins face-off versus Nick Bjugstad in Sharks zone.
Goals for this period are 1 for Sharks vs 0 for Capitals.
Shots for this period are 4 for Sharks vs 18 for Capitals.

3rd period


0:01 of 3rd period - Taylor Hall wins face-off versus Nick Bjugstad in neutral zone.
1:59 of 3rd period - Shot by David Desharnais.
1:59 of 3rd period - Stopped by Ryan Miller with a rebound.
3:04 of 3rd period - Shot by Matt Stajan.
3:04 of 3rd period - Goal by Matt Stajan - Sharks : 1 - Capitals : 1.
3:05 of 3rd period - Matt Stajan wins face-off versus Sam Reinhart in neutral zone.
3:22 of 3rd period - Seth Jones is hit by Andrew Desjardins and loses puck.
3:27 of 3rd period - Shot by Sam Reinhart.
3:27 of 3rd period - Shot Blocked by Ben Chiarot.
3:29 of 3rd period - Shot by Andrej Sustr.
3:29 of 3rd period - Stopped by Cam Ward without a rebound.
3:30 of 3rd period - Cody Eakin wins face-off versus Brooks Laich in Capitals zone.
3:47 of 3rd period - Shot by Ryan Kesler.
3:47 of 3rd period - Shot Misses the Net.
3:49 of 3rd period - Shot by Ryan Kesler.
3:49 of 3rd period - Deflect By Cody Eakin.
3:49 of 3rd period - Shot Misses the Net.
4:08 of 3rd period - Icing by Darren Dietz.
4:09 of 3rd period - Brooks Laich wins face-off versus David Desharnais in Sharks zone.
4:39 of 3rd period - Shot by Taylor Hall.
4:39 of 3rd period - Stopped by Ryan Miller without a rebound.
4:40 of 3rd period - Nick Bjugstad wins face-off versus Ryan Kesler in Sharks zone.
4:40 of 3rd period - Nick Bjugstad is hit by Alexander Ovechkin.
4:50 of 3rd period - Shot by Mattias Janmark.
4:50 of 3rd period - Stopped by Cam Ward without a rebound.
4:51 of 3rd period - Sam Reinhart wins face-off versus Matt Stajan in Capitals zone.
4:51 of 3rd period - Charlie Coyle is hit by Ryan McDonagh and loses puck.
5:14 of 3rd period - Shot by Matt Stajan.
5:14 of 3rd period - Deflect By Jiri Tlusty.
5:14 of 3rd period - Shot Misses the Net.
5:37 of 3rd period - Icing by Marc Staal.
5:38 of 3rd period - Ryan Kesler wins face-off versus Sam Reinhart in Sharks zone.
5:41 of 3rd period - Shot by Alexander Ovechkin.
5:41 of 3rd period - Stopped by Ryan Miller without a rebound.
5:42 of 3rd period - Andrew Shaw wins face-off versus Ryan Kesler in Sharks zone.
5:42 of 3rd period - Brooks Laich is hit by Alexander Ovechkin and loses puck.
6:13 of 3rd period - Shot by Andrew Shaw.
6:13 of 3rd period - Shot Hit the Post.
6:19 of 3rd period - Shot by Mathieu Perreault.
6:19 of 3rd period - Stopped by Ryan Miller with a rebound.
6:21 of 3rd period - Shot by Alexander Ovechkin.
6:21 of 3rd period - Shot Blocked by Andrej Sustr.
6:23 of 3rd period - Shot by Alexander Ovechkin.
6:23 of 3rd period - Shot Misses the Net.
7:26 of 3rd period - Icing by Ryan Murphy.
7:27 of 3rd period - Michael Chaput wins face-off versus David Desharnais in Capitals zone.
7:35 of 3rd period - Ryan Murphy is hit by Robert Bortuzzo and loses puck.
8:15 of 3rd period - Shot by Jiri Tlusty.
8:15 of 3rd period - Stopped by Ryan Miller without a rebound.
8:16 of 3rd period - Nikolay Kulemin wins face-off versus Ryan Kesler in Sharks zone.
8:45 of 3rd period - Shot by Mathieu Perreault.
8:45 of 3rd period - Stopped by Ryan Miller with a rebound.
8:47 of 3rd period - Shot by Alexander Ovechkin.
8:47 of 3rd period - Shot Misses the Net.
8:49 of 3rd period - Shot by Ryan Kesler.
8:49 of 3rd period - Deflect By Alexander Ovechkin.
8:49 of 3rd period - Shot Misses the Net.
8:51 of 3rd period - Shot by Calvin de Haan.
8:51 of 3rd period - Shot Misses the Net.
8:57 of 3rd period - Shot by Ryan Kesler.
8:57 of 3rd period - Deflect By Alexander Ovechkin.
8:57 of 3rd period - Stopped by Ryan Miller without a rebound.
8:58 of 3rd period - Nick Bjugstad wins face-off versus Matt Stajan in Sharks zone.
9:22 of 3rd period - Shot by Andrew Desjardins.
9:22 of 3rd period - Shot Blocked by Marc Staal.
9:28 of 3rd period - Shot by Mattias Janmark.
9:28 of 3rd period - Shot Misses the Net.
9:32 of 3rd period - Shot by Martin Havlat.
9:32 of 3rd period - Stopped by Cam Ward with a rebound.
9:34 of 3rd period - Shot by Martin Havlat.
9:34 of 3rd period - Deflect By Nick Bjugstad.
9:34 of 3rd period - Stopped by Cam Ward with a rebound.
9:36 of 3rd period - Shot by Brenden Dillon.
9:36 of 3rd period - Shot Misses the Net.
10:05 of 3rd period - Shot by Taylor Hall.
10:05 of 3rd period - Stopped by Ryan Miller with a rebound.
10:27 of 3rd period - Shot by Sam Reinhart.
10:27 of 3rd period - Stopped by Cam Ward without a rebound.
10:28 of 3rd period - Brooks Laich wins face-off versus Ryan Kesler in Capitals zone.
10:56 of 3rd period - Icing by Dmitri Orlov.
10:57 of 3rd period - Sam Reinhart wins face-off versus Ryan Kesler in Capitals zone.
11:06 of 3rd period - Shot by Charlie Coyle.
11:06 of 3rd period - Shot Misses the Net.
11:22 of 3rd period - Shot by Michael Chaput.
11:22 of 3rd period - Goal by Michael Chaput - Sharks : 2 - Capitals : 1.
11:23 of 3rd period - David Desharnais wins face-off versus Ryan Nugent-Hopkins in neutral zone.
12:11 of 3rd period - Off-side.
12:12 of 3rd period - Cody Eakin wins face-off versus Sam Reinhart in neutral zone.
12:26 of 3rd period - Shot by Sam Reinhart.
12:26 of 3rd period - Deflect By Charlie Coyle.
12:26 of 3rd period - Shot Hit the Post.
12:48 of 3rd period - Shot by Sam Reinhart.
12:48 of 3rd period - Stopped by Cam Ward without a rebound.
12:49 of 3rd period - Matt Stajan wins face-off versus Nick Bjugstad in Capitals zone.
13:20 of 3rd period - Shot by Jiri Tlusty.
13:20 of 3rd period - Stopped by Ryan Miller without a rebound.
13:21 of 3rd period - David Desharnais wins face-off versus Brooks Laich in Sharks zone.
13:41 of 3rd period - Taylor Hall is hit by Brenden Dillon and loses puck.
13:45 of 3rd period - Minor Penalty to Brenden Dillon for Hooking.
13:46 of 3rd period - Derek Dorsett wins face-off versus Nick Bjugstad in Sharks zone.
13:46 of 3rd period - Alexander Ovechkin is hit by Robert Bortuzzo and loses puck.
13:49 of 3rd period - Shot by Morgan Rielly.
13:49 of 3rd period - Stopped by Ryan Miller without a rebound.
13:50 of 3rd period - Derek Dorsett wins face-off versus Nick Bjugstad in Sharks zone.
13:54 of 3rd period - Shot by Ryan McDonagh.
13:54 of 3rd period - Stopped by Ryan Miller without a rebound.
13:55 of 3rd period - Taylor Hall wins face-off versus Nick Bjugstad in Sharks zone.
13:56 of 3rd period - Shot by Viktor Stalberg.
13:56 of 3rd period - Stopped by Ryan Miller without a rebound.
13:57 of 3rd period - Nick Bjugstad wins face-off versus Taylor Hall in Sharks zone.
14:18 of 3rd period - Shot by David Desharnais.
14:18 of 3rd period - Shot Blocked by Andrej Sustr.
14:36 of 3rd period - Shot by Ryan McDonagh.
14:36 of 3rd period - Stopped by Ryan Miller without a rebound.
14:37 of 3rd period - Nick Bjugstad wins face-off versus Derek Dorsett in Sharks zone.
14:37 of 3rd period - Nick Bjugstad is hit by Derek Dorsett.
14:47 of 3rd period - Shot by Mathieu Perreault.
14:47 of 3rd period - Shot Blocked by Andrej Sustr.
14:49 of 3rd period - Shot by Morgan Rielly.
14:49 of 3rd period - Shot Misses the Net.
15:55 of 3rd period - Ryan McDonagh is hit by Michael Chaput and loses puck.
16:35 of 3rd period - Icing by Seth Jones.
16:36 of 3rd period - David Desharnais wins face-off versus Brooks Laich in Sharks zone.
16:42 of 3rd period - Icing by Marc Staal.
16:43 of 3rd period - Ryan Kesler wins face-off versus Brooks Laich in Sharks zone.
16:46 of 3rd period - Shot by Alexander Ovechkin.
16:46 of 3rd period - Stopped by Ryan Miller with a rebound.
18:08 of 3rd period - Shot by David Desharnais.
18:08 of 3rd period - Shot Misses the Net.
18:38 of 3rd period - Shot by Ben Chiarot.
18:38 of 3rd period - Stopped by Ryan Miller without a rebound.
18:39 of 3rd period - Matt Stajan wins face-off versus Dave Bolland in Sharks zone.
18:48 of 3rd period - Shot by Andrew Shaw.
18:48 of 3rd period - Deflect By Nikolay Kulemin.
18:48 of 3rd period - Stopped by Cam Ward without a rebound.
18:49 of 3rd period - Brooks Laich wins face-off versus Cody Eakin in Capitals zone.
18:49 of 3rd period - Ryan Nugent-Hopkins is hit by Ben Chiarot and loses puck.
19:00 of 3rd period - Capitals, Cam Ward is pulled from the net.
19:08 of 3rd period - Shot by Cody Eakin.
19:08 of 3rd period - Shot Blocked by Andrej Sustr.
19:16 of 3rd period - Shot by Derek Dorsett.
19:16 of 3rd period - Shot Misses the Net.
19:27 of 3rd period - Shot by Cody Eakin.
19:27 of 3rd period - Stopped by Ryan Miller without a rebound.
19:28 of 3rd period - Derek Dorsett wins face-off versus Brooks Laich in Sharks zone.
19:37 of 3rd period - Shot by David Desharnais.
19:37 of 3rd period - Shot Misses the Net.
Goals for this period are 1 for Sharks vs 1 for Capitals.
Shots for this period are 8 for Sharks vs 17 for Capitals.